[Event "87th Spanish Championship 2022"]
[Site "Linares"]
[Date "2022.08.11"]
[Round "1.18"]
[White "Espinosa Aranda, Angel"]
[Black "Cobo Montejo, Miguel Angel"]
[Result "1-0"]
[ECO "B91"]
[WhiteElo "2439"]
[BlackElo "2152"]
[Annotator "TA"]
[PlyCount "79"]
[EventDate "2022.08.11"]
[EventType "swiss"]
[EventCountry "ESP"]
[SourceTitle "playchess.com"]
[Source "ChessBase"]
[SourceQuality "1"]
[TimeControl "5400+30"]

1. e4 c5 2. Nf3 d6 3. d4 cxd4 4. Nxd4 Nf6 5. Nc3 a6 6. g3 g6 7. Bg2 Bg7 8. O-O O-O 9. h3 Qc7 10. a4 Nc6 {[%emt 0:01:55] B91: Sicilian Najdorf: 6 g3.} 11. Be3 Bd7 12. Re1 Rac8 {[%emt 0:04:07] The position is equal.} 13. Nde2 Ne5 14. b3 Bc6 {[%emt 0:04:39] [#]} 15. a5 $146 ({Predecessor:} 15. Ra2 Bd7 16. Nd5 Nxd5 17. exd5 f5 18. f4 Nf7 19. a5 Qd8 20. Bb6 Qe8 21. c4 {1-0 (31) Trepp,M (2210)-Blackburn,G Luzern 1982}) 15... Be8 (15... e6 $11 {remains equal.}) 16. Qd2 Nc6 17. Bb6 Qb8 18. Ra4 Nd7 19. Be3 Nc5 20. Ra3 Kh8 21. Nd5 Rd8 22. b4 Nd7 23. c4 {[%emt 0:00:18] White is much more active. The black rooks are badly placed.} Nf6 (23... e6 $16) 24. Bh6 Nxd5 $2 {[%emt 0:01:22] This move loses the game for Black.} (24... Bxh6 $16 {might work better.} 25. Qxh6 Bd7) 25. exd5 $18 ({Not} 25. cxd5 Na7 $16) ({Don't do} 25. Bxg7+ Kxg7 26. exd5 Na7 $18) 25... Ne5 26. Bxg7+ Kxg7 27. f4 Nd7 28. Nd4 Rc8 29. Bf1 ({Don't take} 29. Rxe7 Kg8 30. Ne6 Nf6 31. Nxf8 Kxf8 $18) 29... Nf6 30. Rxe7 Kg8 (30... Bd7 {was called for.} 31. Qb2 Rc7) 31. f5 {[%emt 0:07:49] Qh6 is the strong threat.} Rc7 32. Re1 Qa7 33. Kh2 b5 34. axb6 Qxb6 35. Rf3 {[%emt 0:01:01] And now fxg6 would win.} Kg7 (35... Bd7 $142 36. fxg6 fxg6) 36. fxg6 hxg6 {[%emt 0:00:48] [#]} 37. Nf5+ $1 Kg8 38. Nh6+ Kg7 {[%emt 0:00:36] [#]} 39. Rxf6 $1 Kxf6 (39... Bd7 40. c5) 40. Ng4+ {[%emt 0:00:06] Weighted Error Value: White=0.18 (very precise) /Black=0.69} 1-0

[Event "87th Spanish Championship 2022"]
[Site "Linares"]
[Date "2022.08.11"]
[Round "1.19"]
[White "Garrido Diaz, Ernesto"]
[Black "Merario Alarcon, Andres"]
[Result "0-1"]
[ECO "B90"]
[WhiteElo "2146"]
[BlackElo "2418"]
[Annotator "TA"]
[PlyCount "62"]
[EventDate "2022.08.11"]
[EventType "swiss"]
[EventCountry "ESP"]
[SourceTitle "playchess.com"]
[Source "ChessBase"]
[SourceQuality "1"]
[TimeControl "5400+30"]

1. e4 c5 2. Nf3 d6 3. d4 cxd4 4. Nxd4 Nf6 5. Nc3 a6 6. h4 {[%emt 0:02:11] B90: Sicilian Najdorf: Unusual White 6th moves, 6 Be3 Ng4 and 6 Be3 e5.} e5 7. Nb3 Be6 8. f4 {[%emt 0:00:37] The position is equal.} g6 {[%emt 0:00:21] Prevents f5.} 9. Be2 Nc6 10. g4 h6 11. f5 gxf5 (11... Bxb3 $5 12. axb3 gxf5 $11) 12. gxf5 Bxb3 13. axb3 Qb6 14. Nd5 Nxd5 {[%emt 0:00:29] [#]} 15. exd5 $146 ({Predecessor:} 15. Qxd5 Be7 16. c3 Bxh4+ 17. Kd1 Ne7 18. Qc4 Rc8 19. Qa4+ Nc6 20. Bd2 Bf6 21. b4 {½-½ (34) Avotins,M (2414)-Pierzak,R (2501) ICCF email 2017}) 15... Nd4 16. Bd3 (16. Rf1 $11) 16... O-O-O ({Black should play} 16... Rc8 $15 17. Kf1 Qc5) 17. Bd2 ({White should try} 17. Be3 $1 $14) 17... e4 18. Be2 {[%emt 0:10:23] Strongly threatening Be3.} (18. Bxe4 $2 Re8 19. Qg4 Nxc2+ 20. Ke2 Nxa1 21. Rxa1 Qxb3 $19) 18... Bg7 19. Ra4 $1 Kb8 $36 {[%emt 0:08:38][%mdl 2048] Threatens to win with ...Be5. Black has good play.} 20. Bc3 ({Reject} 20. Ba5 Qc5 21. Bxd8 Rxd8 $15) 20... Nxf5 21. Bxg7 Nxg7 22. Rxe4 $2 {[%emt 0:01:51][%mdl 8192] [#]} (22. Rf1 $1 $11 {and White stays safe.}) 22... Rhe8 $2 (22... Nf5 $1 $19 {[%cal Rf5g3] and Black stays clearly on top.} 23. Rh3 Rhg8) 23. Qd4 $2 {[%emt 0:05:30][%mdl 8192] [#]} (23. Rxe8 $17 Rxe8 24. Qd2) 23... Qa5+ $1 $19 24. Kf2 Rxe4 ({Weaker is} 24... Nf5 25. Qb4 Qxb4 26. Rxb4 Rxe2+ 27. Kxe2 Ng3+ 28. Kf3 Nxh1 29. Rg4 $15) 25. Qxe4 Re8 26. Qd3 Qc5+ 27. Kg2 $2 {[%emt 0:00:34] [#]} (27. Kf1 Re5 28. c3) 27... Nf5 $1 {[%emt 0:06:38][%mdl 512] And now ...Rg8+ would win.} 28. Qxf5 (28. Kf1 Ne3+) 28... Rxe2+ 29. Kf1 Qe3 {[%emt 0:01:51] Black mates.} 30. Rh3 Qd2 31. Kg1 Re1+ {[%emt 0:00:14] Weighted Error Value: White=1.00/Black=0.18 (very precise)} (31... Qd4+ $142 32. Re3 Qxe3+ 33. Kf1 Re1+ 34. Kg2 Rg1+ 35. Kh2 Qg3#) 0-1

[Event "87th Spanish Championship 2022"]
[Site "Linares"]
[Date "2022.08.11"]
[Round "1.20"]
[White "Bernabeu Lopez, Carlos Javier"]
[Black "Diaz Mino, Daniel"]
[Result "1-0"]
[ECO "A53"]
[WhiteElo "2421"]
[BlackElo "2151"]
[Annotator "TA"]
[PlyCount "69"]
[EventDate "2022.08.11"]
[EventType "swiss"]
[EventCountry "ESP"]
[SourceTitle "playchess.com"]
[Source "ChessBase"]
[SourceQuality "1"]
[TimeControl "5400+30"]

1. d4 Nf6 2. c4 d6 3. Nc3 Bf5 4. f3 e5 5. e4 exd4 6. Nd5 {A53: Old Indian Defence without Nf3.} (6. exf5 dxc3 7. Ne2 cxb2 8. Bxb2 Nbd7 $15) 6... Be6 7. Qxd4 Nc6 8. Nxf6+ {[#]} ({White should try} 8. Qc3 $14) 8... Qxf6 $146 ({Predecessor:} 8... gxf6 9. Qe3 Qe7 10. Bd2 O-O-O 11. Bd3 Ne5 12. Bc3 Rg8 13. Kf2 f5 14. exf5 Bh6 {0-1 (39) Ferro,M (2213)-Shirazi,K (2416) Cappelle la Grande 2005}) 9. Qxf6 gxf6 10. Bd2 f5 11. Bc3 Rg8 12. exf5 $1 Bxf5 13. g4 Bg6 (13... Bd7 $142) 14. h4 $11 {[#] Strongly threatening h5.} h5 15. g5 O-O-O 16. O-O-O Bg7 17. Bxg7 Rxg7 18. Nh3 Ne5 19. Be2 f5 {Black is on the road to losing.} (19... Rgg8 $11 {keeps the balance.}) 20. Nf4 $16 Re8 {Prevents Ne6.} 21. Rhe1 Bf7 22. b3 c6 (22... a5 $16 23. Bd3 Nxf3 24. Bxf5+ Kb8) 23. Bd3 $18 ({Resist} 23. Rxd6 $6 Nxf3 24. Rh1 (24. Bxf3 Rxe1+ 25. Kd2 Rf1 $11) 24... Re4) 23... Bg6 (23... Nxd3+ 24. Nxd3 Rgg8 25. Rxe8+ Bxe8) 24. Re3 Kd7 25. Bc2 {White is clearly winning.} Rf7 {[#]} (25... Rge7 $142 26. Rxe5 Rxe5 27. Nxg6 Re3 28. Bxf5+ Kc7) 26. Rxe5 $1 Rxe5 27. Nxg6 Re3 28. Kd2 f4 29. Be4 a5 30. Rf1 d5 31. cxd5 cxd5 32. Bxd5 Rf5 33. Be4 Rc5 34. Nxf4 Rec3 35. Ne2 {Weighted Error Value: White=0.10 (very precise) /Black=0.46} 1-0

[Event "87th Spanish Championship 2022"]
[Site "Linares"]
[Date "2022.08.11"]
[Round "1.21"]
[White "Rey Martinez, Jaime"]
[Black "Moreno Tejera, Emilio"]
[Result "0-1"]
[ECO "C68"]
[WhiteElo "2117"]
[BlackElo "2420"]
[Annotator "TA"]
[PlyCount "98"]
[EventDate "2022.08.11"]
[EventType "swiss"]
[EventCountry "ESP"]
[SourceTitle "playchess.com"]
[Source "ChessBase"]
[SourceQuality "1"]
[TimeControl "5400+30"]

1. e4 e5 2. Nf3 Nc6 3. Bb5 a6 4. Bxc6 dxc6 5. O-O Qf6 6. d4 {[%emt 0:00:29] C68: Ruy Lopez: Exchange Variation, sidelines.} exd4 7. Bg5 Qd6 8. Nxd4 {[%emt 0:00:31] White has an edge.} Be7 $1 {[%emt 0:02:11] 8...Be7 is better than 8...Bd7.} 9. Bxe7 Nxe7 10. Nc3 O-O 11. Nb3 Qxd1 12. Rfxd1 {[%emt 0:01:03] [#]} b6 $146 ({Predecessor:} 12... f5 13. Re1 b6 14. Rad1 fxe4 15. Rxe4 Ng6 16. f3 c5 17. Re2 Bb7 18. Kf2 Rad8 {½-½ (25) Popov,V (2114)-Demakov,V (2402) ICCF email 2009}) 13. a4 c5 14. Rd2 Re8 15. Rad1 Be6 16. f3 Kf8 17. Kf2 Rac8 18. Nc1 Nc6 19. N1e2 Ne5 {[%emt 0:06:40] ...Nc4 is the strong threat.} 20. b3 {[%emt 0:00:19] Against Nc4} f6 21. Nf4 Bf7 22. Nfd5 Nc6 23. Ne2 Red8 24. h4 Rd6 25. g4 Rcd8 26. Ke3 Ne5 27. Ng1 Bxd5 28. exd5 c4 29. g5 (29. Ne2 $11) 29... cxb3 $15 30. cxb3 Ng6 31. h5 ({White should play} 31. gxf6 $15 Rxf6 32. h5) 31... Ne7 $17 32. f4 Nxd5+ 33. Kf3 c6 34. Ne2 Re8 (34... fxg5 $17 {[%cal Og5g4] And now ...g4+! would win.} 35. fxg5 Ke7) 35. Nd4 $1 $15 Re3+ 36. Kf2 {[%emt 0:00:22] [#]} Re4 $1 37. Nxc6 Rxf4+ 38. Kg3 Rxc6 (38... fxg5 39. Ne5 $16) 39. Rxd5 fxg5 40. Rxg5 $17 {[%emt 0:00:38][%mdl 4096] Endgame [#] KRR-KRR} Rf7 (40... Rb4 $1 $17 41. Rd3 h6 42. Rf3+ Kg8) 41. Re5 $11 Re7 42. Rd8+ Kf7 43. Rf5+ Rf6 44. Rfd5 (44. Rxf6+ $11 Kxf6 45. Kf4 (45. Rd6+ Re6 $17)) 44... Re3+ 45. Kg4 Re4+ 46. Kg3 Rfe6 47. Ra8 ({Much weaker is} 47. R5d7+ Re7 48. Rd3 Kf6 $17) 47... Re3+ 48. Kf4 $2 (48. Kf2 $11) 48... R6e4+ $19 ({Stronger than} 48... Rxb3 49. Rd7+ Re7 50. Rxe7+ Kxe7 51. Rxa6 $11) 49. Kg5 $2 (49. Kf5 $17) 49... Ke6 {[%emt 0:00:23] Weighted Error Value: White=0.37/Black=0.10 (very precise)} 0-1

[Event "87th Spanish Championship 2022"]
[Site "Linares"]
[Date "2022.08.11"]
[Round "1.22"]
[White "Garza Marco, Sergio"]
[Black "Vesga Izeta, Markel"]
[Result "1/2-1/2"]
[ECO "E73"]
[WhiteElo "2408"]
[BlackElo "2143"]
[Annotator "TA"]
[PlyCount "76"]
[EventDate "2022.08.11"]
[EventType "swiss"]
[EventCountry "ESP"]
[SourceTitle "playchess.com"]
[Source "ChessBase"]
[SourceQuality "1"]
[TimeControl "5400+30"]

1. d4 Nf6 2. c4 g6 3. Nc3 Bg7 4. e4 d6 5. Be2 O-O 6. Be3 c5 7. d5 e6 8. Nf3 {[%emt 0:00:07] E73: King's Indian: Averbakh Variation without 6...c5.} exd5 9. cxd5 Bg4 10. Nd2 {[%emt 0:00:07] White is slightly better.} Bxe2 11. Qxe2 Re8 12. O-O (12. f3 $5 ) 12... Nbd7 13. f4 $2 (13. a4 $14 {stays ahead.}) 13... a6 (13... b5 $1 $17 {[%cal Rb5b4] Strongly threatening ...b4.} 14. a3 (14. Qxb5 Ng4 $17) (14. Nxb5 Nxe4 15. Qd3 Nxd2 $17) 14... a6) 14. a4 Qc7 {[%emt 0:02:40] [#]} (14... Rb8 $11) 15. Kh1 $146 ({Predecessor:} 15. Qf3 Nh5 16. g4 Nhf6 17. Bf2 h5 18. g5 Ng4 19. Kh1 Nxf2+ 20. Rxf2 Rf8 21. Rg2 Rae8 22. Nc4 {½-½ (22) Schreiner,T (1516)-Jung,M (1128) Rotenburg/Wuemme 2006}) 15... Rac8 16. a5 Rb8 17. Qd3 b5 18. axb6 $1 Rxb6 19. Nc4 Rb3 20. Ra3 ({Better is} 20. e5 $1 $14 dxe5 21. Rxa6) 20... Rxa3 $11 21. Nxa3 Rb8 22. Qxa6 Rxb2 23. Nc4 $1 Rb3 24. Nb5 Qb8 (24... Rxb5 $2 25. Qxb5 Nxe4 26. Qc6 $18) 25. Nbxd6 {[%emt 0:00:11] 0x0.001eba6d6e5bdp-1022s more active pieces.} Bf8 {[%emt 0:00:33] [#] aiming for ...Bxd6.} 26. Bg1 (26. Nxf7 $1 $16 Kxf7 (26... Rb1 27. Rg1) 27. e5) 26... Bxd6 27. Qxd6 {[%emt 0:00:42] Qe7 is the strong threat.} (27. Nxd6 $5 Rb6 28. Qc8+ Qxc8 29. Nxc8 $14) 27... Qxd6 28. Nxd6 Rb6 29. e5 Nxd5 30. g3 Rc6 $1 31. Ra1 c4 {[%emt 0:03:52][%cal Bc5c4,Bc4c3][%mdl 32] White must now prevent ...c3.} 32. Bd4 (32. Ra7 $2 c3 $1 33. Ra8+ (33. Rxd7 $2 c2 $19) 33... Kg7 $19) (32. Nb5 $11 {and White stays safe.}) 32... c3 $19 33. Ne4 (33. Rc1 $142) 33... Rc4 34. Ra8+ Kg7 $1 35. e6+ $2 (35. Bxc3 Rxe4 36. e6+ N7f6 37. Bxf6+ Nxf6 38. exf7 Kxf7 39. Ra2) 35... Rxd4 (35... N7f6 36. exf7 $1 Kxf7 37. Nd6+ Ke6 38. Nxc4 $18) 36. exd7 {[%emt 0:00:07] [#]} (36. Nxc3 $142 Nxc3 37. Rc8 Rd1+ 38. Kg2 Rd2+ 39. Kh1) 36... Nb6 $2 ({Weaker is} 36... Rd1+ 37. Kg2 c2 38. Rg8+ Kxg8 39. d8=Q+ $17) ({Black should try} 36... c2 $1 $19 {( -> ...Ne3)} 37. Rc8 Ne3) 37. Ra2 $11 ({Wrong is} 37. d8=Q $2 Rxd8 38. Ra2 (38. Rxd8 $2 {perishes.} c2 $19) 38... Nd5 $19) 37... Nxd7 38. Nxc3 Nf6 {[%emt 0:00:11] Weighted Error Value: White=0.62/Black=0.26 (precise)} 1/2-1/2

[Event "87th Spanish Championship 2022"]
[Site "Linares"]
[Date "2022.08.11"]
[Round "1.23"]
[White "Centeno Mendoza, Julio Stefano"]
[Black "Lianes Garcia, Marcos"]
[Result "0-1"]
[ECO "B22"]
[WhiteElo "2148"]
[BlackElo "2411"]
[Annotator "TA"]
[PlyCount "62"]
[EventDate "2022.08.11"]
[EventType "swiss"]
[EventCountry "ESP"]
[SourceTitle "playchess.com"]
[Source "ChessBase"]
[SourceQuality "1"]
[TimeControl "5400+30"]

1. e4 c5 2. c3 d5 3. exd5 Nf6 4. c4 e6 5. dxe6 Bxe6 6. d3 {[%emt 0:01:38] B22: Sicilian: 2 c3.} Nc6 7. Nf3 {[%emt 0:03:40] [#]} Qc7 $146 ({Predecessor:} 7... Bd6 8. Be2 O-O 9. Nc3 Bc7 10. O-O a6 11. Be3 Qd6 12. g3 Bh3 13. Re1 Rad8 {0-1 (32) Meyer,I (1681)-Frohnhaeuser,S (1928) Playchess.com INT 2021}) 8. Be3 {[%emt 0:20:23] The position is equal.} Rd8 9. Qb3 Be7 {[%emt 0:04:01][%mdl 1024] Black has compensation.} 10. Be2 Ng4 11. Nc3 O-O 12. O-O Nce5 13. Nxe5 Nxe3 14. fxe3 {[%emt 0:00:45] [#] Nf3 is the strong threat.} Qxe5 15. Ne4 (15. Rf3 $11) 15... f5 $17 16. Qc3 ({Not} 16. Qxb7 $2 Rd7 17. Qc6 fxe4 18. Qxe4 Qxe4 19. Rxf8+ Bxf8 $19) 16... Qc7 17. Nd2 Bf6 18. Qc1 Rfe8 19. Kh1 b6 20. Nf3 {[%emt 0:05:22] Inhibits Qe5.} (20. e4 $15) 20... Bf7 21. Re1 h6 (21... g5 $142 {And now ...g4 would win.} 22. Nd2 g4) 22. Bf1 g5 {[%emt 0:00:56][%cal Bg7g5,Bg5g4][%mdl 32] Black is much more active.} 23. e4 {[%emt 0:01:21] [#]} (23. Qc2 $142) 23... g4 $1 24. Qxh6 (24. e5 $17 Bg7 25. Nh4 Rxe5 26. Rxe5 Qxe5 27. g3) 24... Bg7 $19 {[%emt 0:00:12] A strong pair of Bishops.} 25. Qg5 gxf3 26. gxf3 fxe4 27. fxe4 Qe5 28. Qg2 Re6 29. Re3 Rg6 30. Rg3 Rxg3 31. hxg3 (31. Qxg3 $142 Qxg3 32. hxg3) 31... Rd6 {[%emt 0:00:07] Weighted Error Value: White=0.41/Black=0.05 (flawless)} 0-1

[Event "87th Spanish Championship 2022"]
[Site "Linares"]
[Date "2022.08.11"]
[Round "1.24"]
[White "Suarez Uriel, Adrian"]
[Black "Serrano Almendros, Angel"]
[Result "1-0"]
[ECO "C02"]
[WhiteElo "2386"]
[BlackElo "2049"]
[Annotator "TA"]
[PlyCount "85"]
[EventDate "2022.08.11"]
[EventType "swiss"]
[EventCountry "ESP"]
[SourceTitle "playchess.com"]
[Source "ChessBase"]
[SourceQuality "1"]
[TimeControl "5400+30"]

1. e4 e6 2. d4 d5 3. e5 c5 4. c3 cxd4 5. cxd4 Nc6 6. Nf3 Qb6 7. Nc3 Bd7 8. Bd3 Nxd4 9. Nxd4 Qxd4 10. O-O a6 11. Re1 Ne7 ({Don't play} 11... Bc5 12. Be3 Qb4 13. a3 Qxb2 14. Nxd5 $14) 12. Qf3 {[%emt 0:31:13] C02: French: Advance Variation.} Ng6 13. Qg3 Be7 14. Re2 {[%emt 0:10:32] [#] Black is clearly better.} Bh4 $146 ({Predecessor:} 14... O-O 15. Bd2 Bc6 16. Kh1 Qh4 17. Bxg6 hxg6 18. Qd3 d4 19. Ne4 Bb5 20. Qf3 Bxe2 21. Qxe2 {0-1 (29) Schwab,F (1989)-Hasenohr,B (2240) Celerina 2016}) 15. Qh3 Nxe5 16. Rxe5 Bxf2+ ({Don't do} 16... Qxe5 17. Qxh4 Qe1+ 18. Bf1 $16) 17. Kf1 Qxe5 18. Kxf2 Qd4+ (18... d4 $142 19. Ne2 Qf6+ 20. Qf3 Qxf3+ 21. gxf3 e5) 19. Kf1 $17 e5 20. Qg3 {[%emt 0:00:01] Black must now prevent Ne2.} e4 (20... O-O $15 21. Ne2 Qb4 22. Qxe5 Bb5) 21. Be2 {[%emt 0:00:34][%mdl 1024] Strongly threatening Bg5. White has compensation.} Qf6+ 22. Kg1 {[%emt 0:00:21] White wants to play Bg5.} Bc6 (22... O-O $11) 23. Bg5 $16 Qe6 (23... Qd4+ $2 24. Be3 Qb4 25. Qxg7 $18) 24. Rf1 f5 {[%emt 0:02:56] Inhibits Bg4.} 25. Be3 {[%emt 0:00:04] 0x0.0002da51cea4dp-1022s more active pieces. The black rooks are badly placed.} (25. Bh5+ $1 $16 g6 26. Bd1) 25... O-O $1 $11 26. Bd4 $36 {[%emt 0:00:18][%csl Gd4][%cal Rg3g7][%mdl 2048] White has good play.} Rf7 27. Bh5 g6 28. Ne2 Bb5 (28... Rc8 $1 $11 {keeps the balance.}) 29. Nf4 $16 Qd6 {[%emt 0:00:13] [#]} 30. Rc1 {[%emt 0:00:18] h4 is the strong threat.} Rc7 (30... Re8 $16) 31. Rxc7 $18 Qxc7 32. h4 {[%emt 0:00:06][%cal Oh5g6] Bxg6! would kill now. The board is on fire.} Be8 {[%emt 0:01:13][%mdl 8192] [#] This costs Black the game.} (32... Qd6 $16 {was necessary.}) 33. Qg5 $1 {[%emt 0:01:30] White is clearly winning.} Qd8 {[%emt 0:04:48] [#]} (33... Qc1+ $142 34. Kh2 Qc7) 34. Qh6 $1 Qe7 {[%emt 0:01:11] Inhibits Qg7+.} 35. Nxd5 Qf8 36. Nf6+ {[%emt 0:00:04][%mdl 64] Deflection, Double Attack} Kf7 37. Qxh7+ Ke6 38. Bd1 {[%emt 0:00:43] Intending Qc7 and mate. This bishop pair is nice.} Qb4 39. Bb3+ Kd6 40. Nxe8+ Rxe8 41. Qxg6+ Kd7 42. Qxf5+ Kc7 43. Qc5+ {[%emt 0:00:02] Weighted Error Value: White=0.23 (precise) /Black=0.46} 1-0

[Event "87th Spanish Championship 2022"]
[Site "Linares"]
[Date "2022.08.11"]
[Round "1.25"]
[White "Comellas Martos, Lidia"]
[Black "Valmana Canto, Jaime"]
[Result "0-1"]
[ECO "B30"]
[WhiteElo "2132"]
[BlackElo "2406"]
[Annotator "TA"]
[PlyCount "112"]
[EventDate "2022.08.11"]
[EventType "swiss"]
[EventCountry "ESP"]
[SourceTitle "playchess.com"]
[Source "ChessBase"]
[SourceQuality "1"]
[TimeControl "5400+30"]

1. e4 c5 2. Nf3 Nc6 3. Bb5 Nf6 4. Bxc6 dxc6 5. d3 Bg4 6. Nbd2 {[%emt 0:00:54] B30: Sicilian: 2...Nc6 3 Bb5, lines without ...g6.} Nd7 7. h3 Bh5 8. g4 {[%emt 0:01:12] The position is equal.} Bg6 9. e5 e6 10. Qe2 {[%emt 0:01:56] [#]} h5 $146 ({Predecessor:} 10... Qc7 11. a3 O-O-O 12. Nc4 b5 13. Nd6+ Bxd6 14. exd6 Qxd6 15. Be3 Qd5 16. Rg1 Nb6 {½-½ (48) David,A (2534)-Godzwon,I (2336) Paleochora 2022}) 11. Rg1 hxg4 12. hxg4 Qc7 13. Nb3 a5 14. a4 b5 15. Bd2 Nb6 ({Black should play} 15... c4 $15 16. dxc4 bxc4) 16. Bxa5 $11 bxa4 17. Rxa4 Qb7 18. Ra1 Nd5 (18... c4 $14 19. dxc4 Nd7) 19. Bc3 $2 (19. Nfd2 $1 $16 {stays on course.}) 19... Rxa1+ $17 20. Nxa1 Nxc3 {[%emt 0:00:04] Black is more active.} 21. bxc3 c4 22. Kd2 Rh3 23. dxc4 c5 ({Not} 23... Qb2 24. Qe3 $15) (23... Be7 $1 $17 24. Nb3 c5) 24. Rg3 $1 $15 Rh1 25. Rg1 Rxg1 26. Nxg1 Be7 {[%emt 0:00:27] Strongly threatening ...Bg5+.} 27. f4 {[%emt 0:01:44] Against Bg5} Qh1 28. Qf3 Qh2+ (28... Qxg1 $11 {and Black is okay.} 29. Qc6+ Kd8 30. Qb6+ Ke8 31. Qc6+ Kd8 32. Qb6+ Ke8 33. Qc6+) 29. Ne2 $18 {[%emt 0:00:22] And now Qc6+ would win.} f5 30. exf6 $1 gxf6 31. Nb3 Kf7 32. f5 $2 (32. Qb7 $18) 32... exf5 $11 33. Qd5+ Kg7 $1 $132 {[%emt 0:01:40][%mdl 2048] Black is fighting back} 34. gxf5 Qh6+ 35. Kd1 Bf7 (35... Bh5 $11) 36. Qg2+ (36. Qe4 $5 Bf8 37. Nd2 $16) 36... Kf8 37. Qa8+ Kg7 38. Qg2+ (38. Qe4 $14 Bf8 39. Nd2) 38... Kh7 (38... Kf8 $1 $11) 39. Qe4 (39. Nd2 $16) 39... Bd6 40. Qb7 Qh5 {[%emt 0:08:08] [#]} (40... Kg8 $14) 41. Kd2 ({Better is} 41. Kc1 $1 $16) 41... Bf8 {[%emt 0:01:48] [#]} (41... Qg5+ $11 42. Kd1 Kg7) 42. Qe4 (42. Kc1 $1 $16) 42... Qg5+ 43. Kd1 Bh5 44. Qb7+ Kh8 45. Qh1 {[%emt 0:00:08] Against Qg1+} Qxf5 46. Nbc1 Bh6 {[%emt 0:00:54] ...Qg4 is the strong threat.} 47. Qa8+ Kh7 48. Qb7+ Kg6 {[%emt 0:00:07][%cal Rf5f1] Dancing on a razor blade.} 49. Qg2+ Bg5 {[%emt 0:00:02] White must now prevent ...Qf4.} 50. Nd3 {[%emt 0:00:17] Inhibits Qf4.} Bf3 {[%emt 0:00:06][%mdl 1024] Black has compensation.} 51. Qf2 Qg4 {[%emt 0:00:50] aiming for ...Bh4.} 52. Ne1 Qd7+ 53. Nd3 Qb7 {[%emt 0:00:30] ( -> ...Qb1+)} 54. Ndc1 $2 (54. Ke1 $15) 54... Bh5 {[%emt 0:00:36] This bishop pair is nice.} 55. Qg3 Qb1 56. Qd3+ Kh6 {[%emt 0:00:20] Quite a comeback for Black.  Weighted Error Value: White=0.40/Black=0.22 (precise)} 0-1

[Event "87th Spanish Championship 2022"]
[Site "Linares"]
[Date "2022.08.11"]
[Round "1.26"]
[White "Argandona Riveiro, Inigo"]
[Black "Garcia Escoda, Marc"]
[Result "1-0"]
[ECO "A34"]
[WhiteElo "2393"]
[BlackElo "2130"]
[Annotator "TA"]
[PlyCount "51"]
[EventDate "2022.08.11"]
[EventType "swiss"]
[EventCountry "ESP"]
[SourceTitle "playchess.com"]
[Source "ChessBase"]
[SourceQuality "1"]
[TimeControl "5400+30"]

1. c4 Nf6 2. Nf3 c5 3. Nc3 d5 4. cxd5 Nxd5 5. g3 Nc6 6. Bg2 Nc7 7. b3 e5 8. Bb2 Be7 {[%emt 0:02:23] A34: Symmetrical English: 2 Nc3, lines with ...d5.} 9. Qb1 O-O 10. O-O {[%emt 0:00:13] [#]} Bd7 $146 {[%emt 0:03:33] Black is slightly better.} ({Predecessor:} 10... f5 11. d3 Bf6 12. Rd1 Be6 13. Rd2 Qe8 14. Qf1 g5 15. e3 g4 16. Ne1 Rd8 17. Ne2 {0-1 (39) Mulenko,A (2136)-Bessarab,V (1759) Sochi 2019}) 11. Rd1 Ne6 ({Black should try} 11... Rc8 $15) 12. e3 $11 Ng5 13. Nxg5 Bxg5 14. f4 exf4 15. gxf4 Bf6 16. Ne4 {[%emt 0:01:29] Threatens to win with Bxf6.} Bxb2 17. Ng5 {[%emt 0:00:16][%csl Gg5][%cal Rb1h7] [#]} Bf5 18. Qxf5 $14 g6 19. Qh3 h5 20. Rab1 $40 {[%emt 0:00:24][%mdl 128] White has some attack.} Bg7 21. Bxc6 bxc6 22. Rbc1 Qa5 {[%emt 0:12:12] [#]} (22... Qe7 $11 {remains equal.}) 23. f5 $1 $16 {[%emt 0:08:07] Black must now prevent fxg6.} Rfe8 $2 (23... c4 $16) 24. fxg6 $18 {[%emt 0:02:53] White is clearly winning.} fxg6 25. Qd7 {[%emt 0:00:16] White wants to mate with Qf7+.} Kh8 26. Qf7 {[%emt 0:01:36] Weighted Error Value: White=0.08 (flawless) /Black=0.69} 1-0